 Dungeon Crawl Stone Soup version 0.29.1-15-g9cfb28693d (webtiles) character file.

Game seed: 8009061224921091194

16 Calibrex the Shield-Bearer (level 2, 0/29 HPs)
             Began as a Troll Fighter on Mar 22, 2023.
             Killed by an exploding frilled lizard (29 damage)
             ... ignited by their inner flame
             ... on level 1 of the Dungeon.
             The game lasted 00:01:36 (156 turns).

Calibrex the Shield-Bearer (Troll Fighter)           Turns: 156, Time: 00:01:37

Health: 0/29       AC:  4    Str: 23    XL:     2   Next: 37%
Magic:  1/1        EV:  8    Int:  4    God:
Gold:   26         SH:  7    Dex:  9    Spells: 1/1 levels left

rFire   . . .      SeeInvis .     - Unarmed
rCold   . . .      Faith    .   b - +0 kite shield
rNeg    . . .      Spirit   .   a - +0 robe
rPois   .          Reflect  .   (helmet restricted)
rElec   .          Harm     .   (no cloak)
rCorr   .          Rampage  .   (gloves unavailable)
Will    .....                   (boots unavailable)
Stlth   +.........              (no amulet)
HPRegen 0.89/turn               (no ring)
MPRegen 0.07/turn               (no ring)

@: no status effects
A: large, unfitting armour, claws 3, regeneration 1, shaggy fur 1, tough skin 1
a: no special abilities


You were on level 1 of the Dungeon.
You visited 1 branch of the dungeon, and saw 1 of its levels.

You collected 26 gold pieces.

Inventory:

Armour
 a - a +0 robe (worn)
 b - a +0 kite shield (worn)
Scrolls
 e - a scroll of identify {unknown}
Potions
 c - a potion of might
 f - a potion of lignification {unknown}
 g - a potion of flight {unknown}


   Skills:
 + Level 2.6 Fighting
 - Level 2.4 Dodging
 + Level 2.9 Shields
 * Level 2.5 Unarmed Combat


You had one spell level left.
You didn't know any spells.
Your spell library was empty.

Dungeon Overview and Level Annotations

Branches:
Dungeon (1/15)

Altars:


Innate Abilities, Weirdness & Mutations

You are too large for most types of armour.
You have claws for hands.
Your natural rate of healing is unusually fast.
You are covered in fur. (AC +1)
You have tough skin. (AC +1)


Message History

You block the kobold's attack.
You closely miss the kobold. The hobgoblin hits you.
The kobold hits you but does no damage.
You barely miss the kobold. The hobgoblin barely misses you.
The kobold hits you with a +0 whip.
The frilled lizard bites you but does no damage.
You claw the kobold!
You kill the kobold!
The hobgoblin barely misses you.
The frilled lizard bites you but does no damage.
You claw the hobgoblin!
You kill the hobgoblin!
You block the frilled lizard's attack.
You barely miss the frilled lizard.
An endoplasm comes into view.
The frilled lizard bites you.
You closely miss the frilled lizard. The frilled lizard barely misses you.
The endoplasm quivers.
You claw the frilled lizard!
You kill the frilled lizard!
Things that are here:
a +0 whip; a kobold corpse You claw the endoplasm!
You kill the endoplasm!
No target in view!
Things that are here:
a +0 whip; a kobold corpse
d - a scroll labelled ERIANI KAULO A frilled lizard comes into view.
Found a stone staircase leading down.
The frilled lizard hisses angrily.
A frilled lizard is nearby!
As you read the scroll labelled ERIANI KAULO, it crumbles to dust.
The creatures around you are filled with an inner flame!
It was a scroll of immolation.
You claw the frilled lizard!
The frilled lizard explodes!
The fiery explosion engulfs you!!
Ouch! That really hurt!
You die...

#####.# #.............
####.#####....†........
#........##............
#......................
#........#####..##.#...
#........# #..# .#.##
##........# #..##.#.#
##..###.### ###.......#
...####.#####..§@§.####
..........†....§§.......
##.............§§§....##
##............[.....###
##..................#
#.................>.
#......[..###########
#.........# #.........#


There were no monsters in sight!

Vanquished Creatures
  A gnoll (D:1)
  2 endoplasms (D:1)
  A hobgoblin (D:1)
  A kobold (D:1)
  2 frilled lizards (D:1)
  A rat (D:1)
8 creatures vanquished.

Notes
Turn   | Place    | Note
-------+----------+-------------------------------------------
     0 | D:1      | Calibrex the Troll Fighter began the quest for the Orb.
     0 | D:1      | Reached XP level 1. HP: 22/22 MP: 0/0
    24 | D:1      | Reached XP level 2. HP: 14/29 MP: 1/1
   156 | D:1      | Killed by an exploding frilled lizard... ignited by their
                  | inner flame

Illustrated notes

Levels and vault maps discovered:
D:1:      scummos_arrival_star, layout_rooms

Action                   || total
-------------------------++-------
Melee: Unarmed           ||    24
  Use: Scroll            ||     1
       Potion            ||     1
Armor: Robe              ||     5
Dodge: Dodged            ||     7
Block: Kite shield       ||     7
